 Dungeon Crawl Stone Soup version 0.17-a0-2127-g1cb09f6 (webtiles) character file.

296 tp1 the Conjurer (level 6, -4/32 HPs)
             Began as a Deep Elf Conjurer on Oct 23, 2015.
             Shot with an arrow by a centaur (6 damage)
             ... on level 5 of the Dungeon.
             The game lasted 00:17:57 (4649 turns).

tp1 the Conjurer (Deep Elf Conjurer)                Turns: 4649, Time: 00:17:57

Health: -4/32      AC:  4    Str: 10    XL:     6   Next: 12%
Magic:  8/15       EV: 12    Int: 22    God:
Gold:   185        SH:  0    Dex: 15    Spells: 4 memorised, 4 levels left

rFire  . . .     SeeInvis +     m - +2 dagger (venom)
rCold  . . .     Clarity  .     t - +0 leather armour
rNeg   . . .     SustAt   .     (no shield)
rPois  .         Gourm    .     (no helmet)
rElec  .         Spirit   .     (no cloak)
rCorr  .         Warding  .     h - +0 pair of gloves
rMut   .         Stasis   .     (no boots)
MR     .....                    (no amulet)
Stlth  ++........               (no ring)
                                s - ring of see invisible

@: mighty, very slightly contaminated, not resistant to hostile enchantments,
unstealthy
A: no striking features
a: no special abilities


You were on level 5 of the Dungeon.
You were hungry.

You visited 2 branches of the dungeon, and saw 6 of its levels.

You collected 185 gold pieces.

Inventory:

Hand Weapons
 m - a +2 dagger of venom (weapon)
Missiles
 q - 4 poisoned needles
Armour
 a - a +0 robe
 h - a +0 pair of gloves (worn)
 t - a +0 leather armour (worn)
Jewellery
 o - an uncursed amulet of inaccuracy
 s - a ring of see invisible (left hand)
Scrolls
 e - a scroll of teleportation {unknown}
 g - 2 scrolls of recharging
Potions
 f - a potion of agility
 i - a potion of resistance {unknown}
 n - a potion of might
Books
 b - a book of Conjurations

   Spells                             Type                      Level
   a - Magic Dart                     Conjuration                  1
   b - Searing Ray                    Conjuration                  2
   c - Dazzling Spray                 Conjuration/Hexes            3
   d - Fulminant Prism                Conjuration/Hexes            4
   e - Iskenderun's Mystic Blast      Conjuration                  4
   f - Iskenderun's Battlesphere      Conjuration/Charms           5
Comestibles
 c - 4 bread rations
 d - 3 meat rations
 j - 4 fruits


   Skills:
 - Level 2.4 Dodging
 - Level 2.4 Stealth
 - Level 5.1 Spellcasting
 - Level 6.0 Conjurations
 + Level 5.2 Charms


You had 4 spell levels left.
You knew the following spells:

 Your Spells              Type           Power        Failure   Level  Hunger
a - Magic Dart            Conj           ####         1%          1    None
b - Searing Ray           Conj           ####..       1%          2    None
c - Dazzling Spray        Conj/Hex       ###.....     14%         3    ##.....
d - Iskenderun's Battles  Conj/Chrm      ####....     43%         5    #####..


Dungeon Overview and Level Annotations

Branches:
Dungeon (5/15)             Temple (1/1) D:4

Altars:
Ashenzari
Dithmenos
Fedhas
Gozag
Kikubaaqudgha
Nemelex Xobeh
Okawaru
Qazlal
Ru
Sif Muna
Trog
Xom
Yredelemnul
Zin
The Shining One

Annotations:
D:4 Dowan, Duvessa, Robin


Message History

The spray of energy hits the centaur.
The centaur is moderately wounded.
The centaur is dazzled.
The centaur closely misses you.
A worker ant comes into view.
The centaur wields an uncursed shortbow.
The centaur shoots an arrow.
The arrow barely misses you.
The centaur shoots an arrow.
The arrow hits you!
* * * LOW HITPOINT WARNING * * *
You see here an arrow.
The centaur is no longer blind.
The centaur shoots an arrow.
The arrow barely misses you.
Casting: Dazzling Spray
Confirm with . or Enter, or press ? or * to list all spells.
You can't see any susceptible monsters within range! (Use Z to cast anyway.) Sorry, you're not good enough to have a special ability.
Drink which item? (? for menu, Esc to quit)
It was a potion of might.
You feel very mighty all of a sudden.
The centaur shoots an arrow.
The arrow hits you.
You die...

########
###......#
#.)......#
#........#
###...######
#.......c..
#(#############
#.#....@......#
#ac..(..(.....#
##.....########
#..#### #..#
#..# #..# #...
##.#


You could see a centaur and a worker ant (wandering).

Vanquished Creatures
  A crimson imp (D:3)
  An orc priest (D:4)
  A hound (D:3)
  An orc wizard (D:3)
  2 worker ants (D:4)
  2 adders
  An ooze (D:1)
  3 worms (D:2)
  A giant gecko (D:1)
  15 orcs
  4 giant cockroaches
  8 hobgoblins
  2 quokkas
  8 bats
  7 giant newts
  10 goblins
  11 kobolds
  14 rats
92 creatures vanquished.

Notes
Turn   | Place    | Note
--------------------------------------------------------------
     0 | D:1      | tp1 the Deep Elf Conjurer began the quest for the Orb.
     0 | D:1      | Reached XP level 1. HP: 10/10 MP: 6/6
   347 | D:1      | Reached XP level 2. HP: 15/15 MP: 6/9
   821 | D:1      | Reached XP level 3. HP: 19/19 MP: 9/11
   834 | D:1      | Reached skill level 5 in Spellcasting
  1534 | D:2      | Reached skill level 5 in Conjurations
  1534 | D:2      | Reached XP level 4. HP: 24/24 MP: 8/13
  1538 | D:2      | Learned a level 2 spell: Searing Ray
  1542 | D:2      | Learned a level 3 spell: Dazzling Spray
  2481 | D:3      | Found a bloodstained altar of Trog.
  2827 | D:3      | Reached skill level 6 in Conjurations
  3232 | D:3      | Reached XP level 5. HP: 28/28 MP: 9/14
  3243 | D:3      | Learned a level 5 spell: Iskenderun's Battlesphere
  3584 | D:3      | Found a bloodstained altar of Trog.
  4264 | D:4      | Reached XP level 6. HP: 29/32 MP: 10/15
  4292 | D:4      | Found a staircase to the Ecumenical Temple.
  4299 | Temple   | Entered the Ecumenical Temple
  4357 | D:4      | Noticed Robin
  4360 | D:4      | Noticed Duvessa
  4361 | D:4      | Reached skill level 5 in Charms
  4363 | D:4      | Noticed Dowan
  4367 | D:4      | Noticed an ogre
  4377 | D:5      | Entered Level 5 of the Dungeon
  4638 | D:5      | Paralysed by miscasting Iskenderun's Battlesphere for 4 turns
  4649 | D:5      | Shot with an arrow by a centaur

Vault maps used:
D:1:      dpeg_chamrin_arrival_tetris, roderic_st_hans_cross
D:3:      bloody_trog
D:4:      minmay_temple_entry_nine_rooms, first_bread,
          nicolae_ossuary_entry_plus, uniq_duvessa, uniq_robin
D:5:      serial_shops, shop, portal_sewer_entry_c, uniq_edmund
Temple:   nicolae_temple_no_exploring_needed

Action                   |  1- 3 |  4- 6 || total
-------------------------+-------+-------++-------
Melee: Unarmed           |    23 |       ||    23
       Dagger            |       |    17 ||    17
 Fire: Blowgun           |       |     5 ||     5
 Cast: Magic Dart        |    94 |    98 ||   192
       Dazzling Spray    |       |     6 ||     6
       Searing Ray       |       |     4 ||     4
  Use: Scroll            |       |     5 ||     5
       Potion            |       |     1 ||     1
  Eat: Chunk             |     1 |    10 ||    11
